 Dungeon Crawl Stone Soup version 0.28.0-53-g5a82cb258f (webtiles) character file.

Game seed: 10206610353669555111

248 safid the Chopper (level 6, -1/45 (52) HPs)
             Began as a Hill Orc Fighter on Aug 9, 2022.
             Slain by Edmund
             ... wielding a +4 dire flail of draining
              (4 damage)
             ... on level 4 of the Dungeon.
             The game lasted 00:04:05 (3821 turns).

safid the Chopper (Hill Orc Fighter)                Turns: 3821, Time: 00:04:05

HP:   -1/45 (52)    AC: 11    Str: 21    XL:     6   Next: 12%
MP:   6/6           EV:  5    Int:  8    God:
Gold: 85            SH:  4    Dex: 10    Spells: 5/5 levels left

rFire   . . .      SeeInvis .   a - +0 war axe
rCold   . . .      Faith    .   c - +0 buckler
rNeg    . . .      Spirit   .   f - +0 plate armour
rPois   .          Reflect  .   (no helmet)
rElec   .          Harm     .   (no cloak)
rCorr   .          Rampage  .   (no gloves)
Will    .....                   (no boots)
Stlth   ..........              (no amulet)
HPRegen 0.15/turn               (no ring)
MPRegen 0.10/turn               (no ring)

@: heavily drained
A: no striking features
a: no special abilities


You were on level 4 of the Dungeon.
You visited 1 branch of the dungeon, and saw 4 of its levels.

You collected 85 gold pieces.

Inventory:

Hand Weapons
 a - a +0 war axe (weapon)
Missiles
 h - 5 poisoned darts (quivered)
Armour
 c - a +0 buckler (worn)
 f - a +0 plate armour (worn)
Jewellery
 m - a ring of willpower
Scrolls
 b - a scroll of immolation {unknown}
 g - a scroll of enchant weapon {unknown}
 j - 4 scrolls of identify {unknown}
 l - a scroll of fear {unknown}
Potions
 d - a potion of might
 e - a potion of cancellation {unknown}
 i - 5 potions of heal wounds {unknown}
 k - a potion of flight {unknown}


   Skills:
 - Level 4.0 Fighting
 + Level 7.0 Axes
 - Level 4.0 Armour
 - Level 4.0 Shields


You had 5 spell levels left.
You didn't know any spells.
Your spell library contained the following spells:

 Spells                   Type           Power      Damage    Failure   Level
 Malign Gateway           Summ/Tloc      0%         N/A       100%        7
 Summon Horrible Things   Summ           0%         N/A       100%        8


Dungeon Overview and Level Annotations

Branches:
Dungeon (4/15)
 Temple: D:4-7

Altars:

Shops:
D:2 *   D:4 (

Annotations:
D:3 1 runed translucent door, phonic's ghost, amateur HOMo
D:4 Edmund


Message History

There is an open door here.
You open the door.
There is an open door here.
Found a stone staircase leading up.
Found 20 sling bullets.
You open the door.
There is an open door here.
Found a stone staircase leading down.
You now have 85 gold pieces (gained 16).
There is a stone staircase leading down here.
You open the door.
There is an open door here.
Found a scythe.
Found a scale mail.
Edmund the Younger comes into view.
He is wielding a +4 dire flail of draining and wearing a +1 ring mail of positive energy.
Edmund shouts!
Edmund barely misses you.
You closely miss Edmund.
Edmund hits you with a +4 dire flail of draining!
You feel drained.
You closely miss Edmund.
Edmund hits you with a +4 dire flail of draining!
You feel drained.
You hit Edmund.
Edmund is lightly wounded.
Edmund hits you with a +4 dire flail of draining.
You feel drained.
You closely miss Edmund.
Edmund is lightly wounded.
Edmund hits you with a +4 dire flail of draining.
* * * LOW HITPOINT WARNING * * *
You feel drained.
* * * LOW HITPOINT WARNING * * *
Unknown command.
You completely miss Edmund.
Edmund is lightly wounded.
Edmund hits you with a +4 dire flail of draining!
* * * LOW HITPOINT WARNING * * *
You feel drained.
You die...

#..#......#########
#..#..............#
#..#....(.#######.########
##'###....................
.......#######..#########.
.......#[...............
<......##...........#...
.......#.........#)##
######.#..######@###
#....#.#. #≈.@......#
#....#.# #≈.....#..#
#.###..############# #
#.#...........
..#.......###.
..#..........
..'.......### ###.......#


You could see Edmund.

Vanquished Creatures
  A jelly (D:1)
  2 iguanas
  7 gnolls
  2 adders
  3 worms
  A dart slug (D:1)
  3 bats (D:1)
  6 endoplasms
  6 giant cockroaches (D:1)
  5 goblins
  6 hobgoblins
  5 jackals (D:1)
  2 quokkas
  8 ball pythons
  6 kobolds
  12 rats
75 creatures vanquished.

Notes
Turn   | Place    | Note
-------+----------+-------------------------------------------
     0 | D:1      | safid the Hill Orc Fighter began the quest for the Orb.
     0 | D:1      | Reached XP level 1. HP: 19/19 MP: 1/1
     0 | D:1      | Noticed a jelly
     1 | D:1      | Found a runed translucent door.
   460 | D:1      | Reached XP level 2. HP: 27/27 MP: 2/2
   476 | D:1      | Reached skill level 3 in Axes
  1129 | D:1      | Reached XP level 3. HP: 27/33 MP: 3/3
  1139 | D:1      | Reached XP level 4. HP: 19/40 MP: 4/4
  1157 | D:1      | Reached skill level 4 in Axes
  1665 | D:2      | Reached skill level 5 in Axes
  1665 | D:2      | Reached XP level 5. HP: 30/46 MP: 5/5
  2159 | D:2      | Found Cishoofi's Assorted Antiques.
  2780 | D:3      | Found a runed translucent door.
  2783 | D:3      | Reached skill level 6 in Axes
  3014 | D:3      | Noticed phonic's ghost (amateur HOMo)
  3368 | D:3      | Found a faded altar of an unknown god.
  3571 | D:4      | Reached XP level 6. HP: 44/52 MP: 6/6
  3620 | D:4      | Found Cothrigg's Weapon Shoppe.
  3678 | D:4      | Reached skill level 7 in Axes
  3815 | D:4      | Noticed Edmund
  3821 | D:4      | Slain by Edmund

Illustrated notes

Levels and vault maps discovered:
D:1:      dpeg_arrival_caged_fury, layout_loops_ring, bh_walls_and_bars
D:2:      layout_basic, serial_shops, nicolae_diamond_shop,
          guppyfry_early_lair_pool
D:3:      layout_basic, hellmonk_ghost_happy_afterlife,
          shapermc_ecumenical_altar_notcrosses, roderic_roman_lattice
D:4:      layout_gridville, nicolae_inconvenience_store,
          sigmund_edmund_badplayer

Skill      XL: |  1  2  3  4  5  6 |
---------------+-------------------+-----
Axes           | 3 5 6 7 |  7.0
Fighting       | 4 |  4.0
Armour         | 4 |  4.0
Shields        | 4 |  4.0

Action                   |  1- 3 |  4- 6 || total
-------------------------+-------+-------++-------
Melee: War axe           |    75 |   155 ||   230
Armor: Scale mail        |    21 |       ||    21
       Chain mail        |    29 |       ||    29
       Plate armour      |    11 |    91 ||   102
Dodge: Dodged            |    31 |    38 ||    69
Block: Buckler           |    21 |    21 ||    42
